 Dungeon Crawl Stone Soup version 0.27-a0-1193-g8631133539 (webtiles) character file.

Game seed: 6942510317866543892

124 AtomicRavioli the Sneak (level 5, -9/44 HPs)
             Began as a Naga Enchanter on May 26, 2021.
             Mangled by Sigmund
             ... wielding a +0 scythe of venom
              (10 damage)
             ... on level 3 of the Dungeon.
             The game lasted 00:07:57 (3709 turns).

AtomicRavioli the Sneak (Naga Enchanter)            Turns: 3709, Time: 00:07:59

Health: -9/44      AC:  6    Str: 10    XL:     5   Next: 8%
Magic:  3/8        EV:  8    Int: 17    God:
Gold:   145        SH:  0    Dex: 11    Spells: 2/8 levels left

rFire    . . .     SeeInvis +   a - +1 dagger
rCold    + . .     Faith    .   (no shield)
rNeg     . . .     Spirit   .   b - +0 robe
rPois    +         Reflect  .   (no helmet)
rElec    .         Harm     .   (no cloak)
rCorr    .         Rampage  .   (no gloves)
Will     .....                  k - +0 barding
Stlth    +++.......             (no amulet)
HPRegen  0.14/turn              e - ring of protection from cold
MPRegen  0.11/turn              (no ring)

@: flying, hasted, quick
A: AC +1, large, see invisible, deformed body, poison resistance, slowness 2,
spit poison 1, naga tail 1
a: Spit Poison


You were on level 3 of the Dungeon.
You visited 1 branch of the dungeon, and saw 3 of its levels.

You collected 145 gold pieces.

Inventory:

Hand Weapons
 a - a +1 dagger (weapon)
 c - a +0 rapier
Armour
 b - a +0 robe (worn)
 k - a +0 barding (worn)
 l - a +0 kite shield
Jewellery
 e - a ring of protection from cold (left hand)
Scrolls
 d - a scroll of fog {unknown}
 g - a scroll of noise {unknown}
 i - 2 scrolls of enchant armour {unknown}
 j - a scroll of amnesia {unknown}
 m - a scroll of fear {unknown}
 n - a scroll of brand weapon {unknown}
Potions
 f - a potion of flight


   Skills:
 + Level 1.0 Fighting
 + Level 1.6 Short Blades
 - Level 2.0 Dodging
 + Level 5.8 Stealth
 * Level 0.2 Shields
 + Level 2.3 Spellcasting
 * Level 3.8 Hexes
 + Level 0.5 Ice Magic


You had 2 spell levels left.
You knew the following spells:

 Your Spells              Type           Power      Damage    Failure   Level
a - Corona                Hex            16%        N/A       3%          1
b - Ensorcelled Hibernat  Hex/Ice        18%        N/A       12%         2
c - Confusing Touch       Hex            15%        N/A       12%         3

Your spell library contained the following spells:

 Spells                   Type           Power      Damage    Failure   Level
 Tukima's Dance           Hex            15%        N/A       12%         3
 Dazzling Flash           Conj/Hex       16%        N/A       26%         3


Dungeon Overview and Level Annotations

Branches:
Dungeon (3/15)

Altars:
Ru

Shops:
D:1 =

Annotations:
D:3 Sigmund


Innate Abilities, Weirdness & Mutations

Your serpentine skin is tough. (AC +1)
You have supernaturally acute eyesight. (SInv)
Armour fits poorly on your strangely shaped body.
Your system is resistant to poisons. (rPois)
You cover ground very slowly.
You can spit poison.
You have a snake-like lower body.


Message History

Sigmund barely misses you.
Drop what? 14/52 slots (_ for help) (? for menu, Esc to quit)
Sigmund hits you from afar with a +0 scythe of venom.
Keep disrobing?
You start removing your armour.
You continue taking off your +0 kite shield.
Sigmund barely misses you.
You continue taking off your +0 kite shield.
Sigmund hits you from afar with a +0 scythe of venom.
You continue taking off your +0 kite shield.
Sigmund barely misses you.
You continue taking off your +0 kite shield.
You have got your breath back.
Sigmund hits you from afar with a +0 scythe of venom!
You finish taking off your +0 kite shield.
Casting: Ensorcelled Hibernation (safe; 12% risk of failure)
Confirm with . or Enter, or press ? or * to list all spells.
Aiming: Ensorcelled Hibernation (safe; 12% risk of failure)
Press: ? - help, Shift-Dir - straight line, f/p - Sigmund
Aim: Sigmund, wielding a +0 scythe of venom and wearing a +0 robe (moderately wounded, chance to affect: 50%) Sigmund looks drowsy...
The helpless Sigmund fails to defend himself.
You impale Sigmund!!
Sigmund is almost dead.
Sigmund hits you with a +0 scythe of venom.
Casting: Ensorcelled Hibernation (safe; 12% risk of failure)
Confirm with . or Enter, or press ? or * to list all spells.
Your hands begin to glow red.
Sigmund hits you with a +0 scythe of venom!
* * * LOW HITPOINT WARNING * * *
It was a potion of flight.
You feel very buoyant.
You fly up into the air.
Sigmund hits you but does no damage.
You hit Sigmund but do no damage.
Sigmund appears confused.
Sigmund is almost dead.
Sigmund hits you with a +0 scythe of venom.
* * * LOW HITPOINT WARNING * * *
It was a potion of haste.
You feel yourself speed up.
Sigmund hits you with a +0 scythe of venom!
You die...

#.#.≈...≈...≈...≈..
#.#..≈.≈.≈.≈.≈.≈.≈.
####..≈...≈...≈...≈
#.##..≈.≈.≈.≈.≈.≈.
#.###..≈...≈...≈..
#.# ##..≈.≈.≈.≈..#
#.# ##..≈...≈..##
#@# ##.......###
#@################
#...............##
###############...
#### # #


You could see Sigmund (confused).

Vanquished Creatures
  A hound (D:3)
  A gnoll (D:2)
  2 adders
  2 worms (D:2)
  2 dart slugs
  2 endoplasms (D:1)
  5 giant cockroaches
  6 goblins
  8 hobgoblins
  2 quokkas
  5 ball pythons
  9 bats
  2 frilled lizards (D:2)
  4 kobolds
  A quokka skeleton (D:2)
  3 rats
55 creatures vanquished.

Notes
Turn   | Place    | Note
-------+----------+-------------------------------------------
     0 | D:1      | AtomicRavioli the Naga Enchanter began the quest for the
                  | Orb.
     0 | D:1      | Reached XP level 1. HP: 15/15 MP: 3/3
   869 | D:1      | Reached XP level 2. HP: 22/22 MP: 5/5
  1569 | D:1      | Found Waukh's Jewellery Shop.
  1655 | D:1      | Reached XP level 3. HP: 26/28 MP: 6/6
  1658 | D:1      | Learned a level 2 spell: Ensorcelled Hibernation
  1662 | D:1      | Learned a level 3 spell: Confusing Touch
  1860 | D:2      | Reached skill level 5 in Stealth
  2278 | D:2      | Reached XP level 4. HP: 37/37 MP: 4/7
  3410 | D:3      | Found a sacrificial altar of Ru.
  3559 | D:3      | Reached skill level 1 in Fighting
  3559 | D:3      | Reached XP level 5. HP: 28/44 MP: 8/8
  3696 | D:3      | Noticed Sigmund
  3708 | D:3      | HP: 1/44 [Sigmund/+0 scythe of venom (4)]
  3709 | D:3      | Mangled by Sigmund

Illustrated notes

Levels and vault maps discovered:
D:1:      minmay_arrival_wavy_path, layout_basic, serial_shops,
          nicolae_shop_window_shopping
D:2:      layout_loops_ring, minmay_surrounded
D:3:      layout_loops_ring, nicolae_overflow_hidden_temple,
          nicolae_ru_awakened_eye, ebering_ecumenical_altar_box,
          mrwooster_statue_mirror, kennysheep_cluttered_room, uniq_sigmund

Skill      XL: |  1  2  3  4 |
---------------+-------------+-----
Stealth        | 5 |  5.8
Dodging        | 2 |  2.0
Fighting       | 1 |  1.0
Short Blades   | |  1.6
Shields        | |  0.2
Spellcasting   | |  2.3
Hexes          | |  3.8
Ice Magic      | |  0.5

Action                   |  1- 3 |  4- 6 || total
-------------------------+-------+-------++-------
Melee: Dagger            |    78 |    78 ||   156
       Rapier            |     8 |       ||     8
 Cast: Corona            |     3 |       ||     3
       Ensorcelled Hiber |     4 |     9 ||    13
       Confusing Touch   |       |     1 ||     1
 Abil: Spit Poison       |     6 |     8 ||    14
  Use: Potion            |       |     2 ||     2
 Stab: Sleeping          |    12 |     9 ||    21
Armor: Robe              |    18 |    44 ||    62
Dodge: Dodged            |    47 |    35 ||    82
Block: Kite shield       |       |     9 ||     9

Table legend: (Time is in decaauts)
 A = Elapsed time spent in this place.
 B = Non-inter-level travel time spent in this place.
 C = Inter-level travel time spent in this place.
 D = Time resting spent in this place.
 E = Time spent auto-exploring this place.
 F = Levels seen in this place.
 G = Mean time per level.
                   A        B        C        D        E       F      G
               +--------+--------+--------+--------+--------+-----+--------+
         Total |   4310 |   4228 |     82 |   1106 |   2447 |   3 | 1436.7 |
       Dungeon |   4310 |   4228 |     82 |   1106 |   2447 |   3 | 1436.7 |
               +--------+--------+--------+--------+--------+-----+--------+

Top non-repeatable levels by time:
     D:1: 1854 daAuts
     D:2: 1458 daAuts
     D:3: 998 daAuts
